 Dungeon Crawl Stone Soup version 0.27.1-33-g824d729ab1 (webtiles) character file.

Game seed: 11507172164693274469

657 jiml777 the Skirmisher (level 7, -2/44 HPs)
             Began as a Gargoyle Monk on Dec 9, 2021.
             Slain by an ogre (16 damage)
             ... on level 5 of the Dungeon.
             The game lasted 00:22:33 (5816 turns).

jiml777 the Skirmisher (Gargoyle Monk)              Turns: 5816, Time: 00:22:34

Health: -2/44      AC: 10    Str: 15    XL:     7   Next: 55%
Magic:  7/7        EV: 14    Int: 12    God:
Gold:   221        SH:  0    Dex: 18    Spells: 6/6 levels left

rFire    . . .     SeeInvis .   C - +4 dagger (elec)
rCold    . . .     Faith    .   (no shield)
rNeg     + . .     Spirit   .   b - +0 robe
rPois    ∞         Reflect  .   i - +0 helmet
rElec    +         Harm     .   L - +2 cloak
rCorr    .         Rampage  .   (no gloves)
Will     .....                  (no boots)
Stlth    +++.......             c - amulet of the acrobat
HPRegen  0.14/turn              f - +6 ring of dexterity
MPRegen  0.10/turn              (no ring)

@: no status effects
A: sickness immunity, AC +4, negative energy resistance 1, electricity
resistance, torment resistance 1, petrification resistance
a: no special abilities


You were on level 5 of the Dungeon.
You visited 1 branch of the dungeon, and saw 5 of its levels.

You collected 221 gold pieces.

Inventory:

Hand Weapons
 a - a +0 hand axe
 h - a +0 hunting sling
 j - a +2 antimagic dagger
 n - a +2 dagger of venom
 t - a +4 club
 C - a +4 dagger of electrocution (weapon)
Missiles
 e - 32 bolts
 g - 116 stones (quivered)
 r - 33 sling bullets
 y - a throwing net
 B - 16 arrows
 D - 4 poisoned darts
Armour
 b - a +0 robe (worn)
 i - a +0 helmet (worn)
 L - a +2 cloak (worn)
Jewellery
 c - an amulet of the acrobat (around neck)
 f - a +6 ring of dexterity (left hand)
Wands
 s - a wand of acid (9)
 E - a wand of iceblast (5)
Scrolls
 d - a scroll of teleportation {unknown}
 k - a scroll of enchant armour {unknown}
 m - a scroll of torment {unknown}
 u - a scroll of immolation {unknown}
 v - a scroll of noise {unknown}
 w - 4 scrolls of identify {unknown}
 x - a scroll of amnesia {unknown}
 z - a scroll of fear {unknown}
 G - a scroll of silence {unknown}
 H - 3 scrolls of magic mapping {unknown}
Potions
 l - a potion of resistance {unknown}
 o - 2 potions of brilliance {unknown}
 p - 4 potions of curing {unknown}
 q - a potion of invisibility
 A - a potion of lignification {unknown}
 F - a potion of magic {unknown}
 I - a potion of attraction {unknown}
 J - a potion of mutation {unknown}
 K - a potion of might {unknown}
 M - a potion of haste {unknown}


   Skills:
 + Level 4.7 Fighting
 + Level 2.7 Short Blades
 + Level 3.8 Axes
 + Level 4.5 Dodging
 + Level 4.6 Stealth


You had 6 spell levels left.
You didn't know any spells.
Your spell library contained the following spells:

 Spells                   Type           Power      Damage    Failure   Level
 Wereblood                Tmut           0%         N/A       45%         2
 Summon Hydra             Summ           0%         N/A       100%        7
 Sublimation of Blood     Necr           Unusable   N/A       N/A         2

Dungeon Overview and Level Annotations

Branches:
Dungeon (5/15)
 Temple: D:4-7

Altars:
Ashenzari
Fedhas
Makhleb
Nemelex Xobeh
Uskayaw


Innate Abilities, Weirdness & Mutations

You are immune to sickness and miasma.
Your stone body is resilient. (AC +4)
You are immune to poison.
You resist negative energy. (rN+)
You are resistant to electric shocks. (rElec)
You are resistant to unholy torment.
You are immune to petrification.


Message History

The centaur skeleton closely misses you.
The centaur skeleton barely misses you.
You hit the centaur skeleton.
Lightning courses through the centaur skeleton!!
You destroy the centaur skeleton!
An iguana comes into view.
Found 19 stones.
An orc comes into view. It is wielding a +0 club.
An ogre comes into view. It is wielding a +0 giant spiked club.
The iguana hisses angrily.
The orc shouts!
The iguana completely misses you.
The ogre shouts!
You hit the iguana. Lightning courses through the iguana!
The iguana is almost dead.
The iguana completely misses you.
You hit the iguana. Lightning courses through the iguana!
You kill the iguana!
You hit the orc.
The orc is moderately wounded.
You hit the orc.
The orc is almost dead.
The orc hits you but does no damage.
You hit the orc.
You kill the orc!
You closely miss the ogre. The ogre closely misses you.
You hit the ogre but do no damage. You completely miss the ogre.
The ogre hits you with a +0 giant spiked club.
You hit the ogre but do no damage. The ogre closely misses you.
You hit the ogre.
The ogre is lightly wounded.
You hit the ogre but do no damage. Lightning courses through the ogre!
The ogre is severely wounded.
The ogre hits you with a +0 giant spiked club!!
Ouch! That really hurt!
You barely miss the ogre.
The ogre is severely wounded.
The ogre hits you with a +0 giant spiked club!
You die...

..##.........#
............(.
.............
..........##
####..........
##.###.#..#......#
#................#
#....##O##....# ...
#.@#<....# . #.....#..##
.. #.......##...# ...
.........###..#####..#
..........# #....#...#
.##.........###.##..#
#.......#[...>.....##
#........###.........###
#......####............#


You could see an ogre.

Vanquished Creatures
  Menkaure (D:5)
  A sky beast (D:4)
  A scorpion (D:5)
  An orc priest (D:5)
  Ijyb (D:3)
  3 centaur skeletons
  An iguana (D:5)
  An orc wizard (D:3)
  A killer bee zombie (D:4)
  A hound skeleton (D:4)
  Robin (D:2)
  2 adders
  An adder skeleton (D:4)
  2 worms (D:2)
  4 dart slugs
  7 orcs
  10 ball pythons
  6 bats
  11 endoplasms
  4 giant cockroaches
  15 goblins
  6 hobgoblins
  3 jackals (D:2)
  9 kobolds
  3 quokkas
  4 frilled lizards
  8 rats
108 creatures vanquished.

Notes
Turn   | Place    | Note
-------+----------+-------------------------------------------
     0 | D:1      | jiml777 the Gargoyle Monk began the quest for the Orb.
     0 | D:1      | Reached XP level 1. HP: 14/14 MP: 1/1
   177 | D:1      | Reached XP level 2. HP: 5/19 MP: 2/2
   806 | D:1      | You fall into a shaft and drop 1 floor!
   828 | D:2      | Reached XP level 3. HP: 20/24 MP: 3/3
  1575 | D:1      | Reached XP level 4. HP: 29/29 MP: 4/4
  2335 | D:2      | Noticed Robin
  2384 | D:2      | Killed Robin
  2665 | D:3      | Found a sparkling altar of Nemelex Xobeh.
  2898 | D:3      | Found a broken altar of Ashenzari.
  2900 | D:3      | Reached XP level 5. HP: 33/33 MP: 5/5
  2970 | D:3      | Noticed Ijyb
  3010 | D:3      | Killed Ijyb
  3278 | D:3      | Found a hide-covered altar of Uskayaw.
  3369 | D:3      | Reached skill level 1 in Short Blades
  4713 | D:4      | Found a blossoming altar of Fedhas.
  4714 | D:4      | Found a burning altar of Makhleb.
  4982 | D:4      | Reached XP level 6. HP: 38/38 MP: 6/6
  5425 | D:5      | Entered Level 5 of the Dungeon
  5448 | D:5      | Noticed a sky beast
  5481 | D:5      | Noticed Menkaure
  5490 | D:4      | Killed a sky beast
  5734 | D:5      | Killed Menkaure
  5735 | D:5      | Reached XP level 7. HP: 44/44 MP: 7/7
  5816 | D:5      | Slain by an ogre

Illustrated notes

Levels and vault maps discovered:
D:1:      erik_arrival_blinker_ship, layout_basic, minmay_cupped
D:2:      layout_basic, minmay_domino_4, uniq_robin
D:3:      layout_basic, mainiacjoe_overflow_catwalk, amcnicky_altar_gilded,
          nemelex_dance_club_becter, minivault_5, uniq_ijyb
D:4:      layout_gridville, mainiacjoe_overflow_divided_tiny
D:5:      layout_cave_pools, lemuel_temple_firewalk_a, minmay_quadrilaterals,
          uniq_menkaure

Skill      XL: |  1  2  3  4  5  6 |
---------------+-------------------+-----
Axes           | 3 |  3.8
Fighting       | 4 |  4.7
Dodging        | 3 4 |  4.5
Stealth        | 3 4 |  4.6
Short Blades   | 1 2 |  2.7

Action                   |  1- 3 |  4- 6 |  7- 9 || total
-------------------------+-------+-------+-------++-------
Melee: Hand axe          |   105 |    26 |       ||   131
       Dagger            |       |   166 |    23 ||   189
  Use: Potion            |       |     3 |       ||     3
 Stab: Sleeping          |     6 |    10 |       ||    16
Armor: Robe              |    27 |    73 |     5 ||   105
Dodge: Dodged            |    77 |   181 |    13 ||   271
